 Dungeon Crawl Stone Soup version 0.14.0-17-gc0b17a5 (webtiles) character file.

1940 Leibowitz the Nimble (level 9, -6/55 HPs)
             Began as a Kobold Berserker on Apr 19, 2014.
             Was a High Priest of Trog.
             Killed by divine providence
             ... invoked by an orc priest
              (13 damage)
             ... on Level 6 of the Dungeon.
             The game lasted 00:29:22 (7198 turns).

Leibowitz the Nimble (Kobold Berserker)             Turns: 7198, Time: 00:29:24

HP  -6/55        AC  6     Str 19      XL: 9   Next: 23%
MP   9/9         EV 22     Int  5      God: Trog [*****.]
Gold 238         SH  0     Dex 17      Spells:  0 memorised,  8 levels left

rFire  . . .     SeeInvis .     a - +0 dagger (venom)
rCold  . . .     Clarity  .     b - +1 animal skin
rNeg   . . .     Conserve .     (no shield)
rPois  .         rCorr    .     v - +1 helmet
rElec  .         rRot     .     p - +0 cloak
SustAb . .       Spirit   .     (no gloves)
rMut   +         Warding  .     (no boots)
Saprov + + .     Stasis   .     n - amulet of resist mutation
MR     .....                    (no ring)
                                h - +2 ring of strength

@: exhausted, slowed, very slow, not resistant to hostile enchantments, fairly
stealthy
A: disease resistance, carnivore 3, saprovore 2
a: Burn Spellbooks, Berserk, Trog's Hand, Brothers in Arms, Renounce Religion


You were on level 6 of the Dungeon.
You worshipped Trog.
Trog was extremely pleased with you.
You were not hungry.

You visited 1 branch of the dungeon, and saw 6 of its levels.
You also visited: Sewer.

You collected 238 gold pieces.

Inventory:

Hand weapons
 a - a +0,+0 dagger of venom (weapon)
 e - a +1,+1 dagger of protection
 t - a +0,+1 short sword
 y - a +0 blowgun
Missiles
 g - 55 poisoned needles
 j - 4 needles of confusion
 u - 3 poisoned darts (quivered)
Armour
 b - a +1 animal skin (worn)
 p - a +0 cloak (worn)
 v - a +1 helmet (worn)
Magical devices
 i - a wand of flame (5)
 o - a wand of flame (1)
Comestibles
 c - a meat ration
Scrolls
 d - 4 scrolls of teleportation
 f - 2 scrolls of recharging
 l - 2 scrolls of remove curse
 r - 3 scrolls of identify
Jewellery
 h - a +2 ring of strength (left hand)
 k - an uncursed ring of teleportation
 n - an amulet of resist mutation (around neck)
 s - an uncursed ring of magical power {unknown}
Potions
 m - 6 potions of curing
 w - 2 potions of restore abilities
 x - a potion of might
 z - 2 potions of heal wounds


   Skills:
 * Level 5.7 Fighting
 + Level 7.2 Short Blades
 + Level 1.6 Armour
 + Level 9.7 Dodging
 * Level 6.6 Stealth


You had 8 spell levels left.
You didn't know any spells.

Dungeon Overview and Level Annotations

Branches:
Dungeon (6/15)             Temple (0/1) D:5

Altars:
Dithmenos
Nemelex Xobeh
Trog
Vehumet

Shops:
D:4 ?

Annotations:
D:6 Eustachio


Innate Abilities, Weirdness & Mutations

You recuperate from illness quickly.
You are small and have problems with some larger weapons.
You are carnivorous and can eat meat at any time.
You can eat rotten meat.


Message History

Your unstable footing causes you to fumble your attack.
Your unstable footing causes you to fumble your attack.
The orc warrior hits you with a battleaxe!
* * * LOW HITPOINT WARNING * * *
Your unstable footing causes you to fumble your attack.
Your unstable footing causes you to fumble your attack.
You hit the orc warrior.
The orc warrior is almost dead.
The orc warrior barely misses you.
Your unstable footing causes you to fumble your attack.
You barely miss the orc warrior.
The orc warrior is almost dead.
You are no longer berserk.
You are exhausted.
You feel yourself slow down.
You hit the orc warrior but do no damage.
The orc warrior is almost dead.
The orc priest mumbles some strange prayers to Beogh against you.
Something smites you!
You die...

,,,,,,....,,,,,,,,,.#
******#...,,,, ,,,,.#
#.g#*********.# #.(#
*.# #..# *.#
#######..##########.#
..........o....o....#
#######.##########..#
#.#โ‰ˆ.)((โ‰ˆโ‰ˆ@oo.#
#%##########..#
#######.........,...#
....ยง......(....,...#
..............5$....#
@.#############*###%#
..# *.# ..# *.# @.#
*,*


You could see an orc warrior and an orc priest.

Vanquished Creatures
  The ghost of chipmonk the Cudgeler, an average GrFi (D:3)
  An orc warrior (D:6)
  4 centaurs
  3 ogres
  2 big kobolds
  Blork the orc (D:6)
  A scorpion (D:5)
  2 big fish
  A crimson imp (D:6)
  An iron imp (D:6)
  2 orc priests
  2 orc wizards (D:5)
  4 hounds
  Crazy Yiuf (D:3)
  2 worker ants (D:4)
  Natasha (thrice) (D:6)
  Ijyb (D:4)
  A hound skeleton (D:4)
  4 worms
  2 adders (D:5)
  2 shadow imps
  A gnoll zombie (D:5)
  An iguana skeleton (D:4)
  2 giant geckos
  16 orcs
  3 ball pythons
  11 bats
  3 giant cockroaches
  13 hobgoblins
  7 jackals
  22 kobolds
  A felid zombie (D:6)
  6 giant newts
  A gnoll skeleton (D:4)
  6 goblins
  A goblin skeleton (D:4)
  A quokka (D:4)
  15 rats
  A rat skeleton (D:4)
  A fungus (D:3)
153 creatures vanquished.

Notes
Turn   | Place    | Note
--------------------------------------------------------------
     0 | D:1      | Leibowitz, the Kobold Berserker, began the quest for the Orb.
     0 | D:1      | Reached XP level 1. HP: 14/14 MP: 1/1
   388 | D:1      | Reached XP level 2. HP: 17/19 MP: 2/2
   686 | D:1      | Reached skill level 1 in Stealth
   732 | D:1      | Reached XP level 3. HP: 8/23 MP: 3/3
   739 | D:1      | Acquired Trog's second power
  1912 | D:2      | Reached XP level 4. HP: 19/28 MP: 4/4
  1958 | D:2      | Found a sparkling altar of Nemelex Xobeh.
  1959 | D:2      | Found a shadowy altar of Dithmenos.
  2312 | D:3      | Noticed chipmonk's ghost (average GrFi)
  2329 | D:3      | HP: 1/42 [chipmonk's ghost (11)]
  2330 | D:3      | Killed chipmonk's ghost
  2330 | D:3      | Reached skill level 5 in Short Blades
  2330 | D:3      | Reached skill level 5 in Dodging
  2330 | D:3      | Reached XP level 5. HP: 1/32 MP: 5/5
  2960 | D:3      | Reached XP level 6. HP: 23/37 MP: 6/6
  3109 | D:3      | Found a radiant altar of Vehumet.
  3432 | D:3      | Found a bloodstained altar of Trog.
  3931 | D:3      | Noticed Crazy Yiuf
  3939 | D:3      | Killed Crazy Yiuf
  4131 | D:4      | Reached skill level 6 in Dodging
  4135 | D:4      | Noticed Ijyb
  4138 | D:4      | Found Gewar's Magic Scroll Shop.
  4189 | D:4      | Killed Ijyb
  4739 | D:4      | Reached XP level 7. HP: 23/43 MP: 7/7
  5210 | D:4      | Reached skill level 7 in Dodging
  5350 | D:4      | Got a pitted chain mail
  5362 | D:4      | Identified the cursed -5 chain mail of Billydu {Str+3 Dex+4} (You found it on level 4 of the Dungeon)
  5411 | D:5      | Entered Level 5 of the Dungeon
  5483 | D:5      | Found a staircase to the Ecumenical Temple.
  5511 | D:5      | Reached XP level 8. HP: 33/48 MP: 8/8
  5922 | D:5      | Reached skill level 5 in Fighting
  5922 | D:5      | Reached skill level 8 in Dodging
  5922 | D:5      | Reached skill level 5 in Stealth
  6103 | D:5      | Acquired Trog's third power
  6405 | D:5      | Reached skill level 9 in Dodging
  6514 | D:6      | Noticed Natasha
  6525 | D:6      | Killed Natasha
  6533 | D:6      | Noticed Natasha
  6543 | D:6      | Killed Natasha
  6558 | D:6      | Noticed Eustachio
  6563 | D:6      | Noticed Natasha
  6604 | D:6      | Killed Natasha
  6632 | D:6      | Found a glowing drain.
  6652 | Sewer    | Entered a sewer
  6887 | Sewer    | Reached XP level 9. HP: 54/54 MP: 9/9
  6971 | Sewer    | Found a white marble altar of Elyvilon.
  7151 | D:6      | Noticed Blork the orc
  7171 | D:6      | Killed Blork the orc
  7198 | D:6      | Killed from afar by an orc priest

Action                   |  1- 3 |  4- 6 |  7- 9 || total
-------------------------+-------+-------+-------++-------
Melee: Short sword       |   162 |    11 |       ||   173
       Dagger            |       |   399 |   531 ||   930
Invok: Berserk           |       |     2 |     4 ||     6
       Burn Spellbooks   |       |     1 |       ||     1
  Use: Scroll            |     7 |     4 |     4 ||    15
       Potion            |     2 |     2 |     2 ||     6
 Stab: Sleeping          |     2 |     4 |     4 ||    10
